cohdb
Replays
Latest Replays
All Replays
Popular Replays
Top Player Replays
Match Explorer
How It Works
Community
CoH3 Stats
Reddit
Sign in to upload your games and track your stats! →
Sign in with Steam
these tactics
Match 22913074
Overview
Messages
Build Orders
End
Construct Barracks
Riflemen Squad
Riflemen Squad
M1 Mortar Team
Grenade Package
Riflemen Squad
Selects Advanced Infantry Battlegroup
Selects Convert to Ranger Squad
Convert to Ranger Squad
Construct Medical Station
Infantry Support Center
Construct Motor Pool
Engineer Squad
M1 Anti-tank Gun Team
Selects Designate Assault Position
Advanced Logistics
Convert to Ranger Squad
Selects Ranger Weapon Training
Construct Tank Depot
Demolitions Package
Selects Artillery Observers
Selects M2A1 105mm Howitzer Emplacement
M4(105) Sherman Bulldozer
Selects Free Fire Drills
Survival Training
M1 Anti-tank Gun Team
InSaNiedi
aSIIDemolitionHammer
I'm that #B!tch
PuliPutia
0
0
Comments
sign in to comment!
No comments posted yet!